Map: Dreamcatcher LE

Players

Clem - Winner!

  • Race: Terran Terran
  • Spawn Location: 11:00

Silky

  • Race: Zerg Zerg
  • Spawn Location: 5:00

Event: WCS Montreal 2018

VOD

Have the link to the VOD?

Description

Time

  • Played on: Sept. 7, 2018, 1:33 p.m.
  • Length: 10:16

All games in this series

Show
View Real Time Build Order
Export as new Build Order

Clem Terran - Winner!

Build Orders: Liberator Opening, Reaper Expand, MMM Bio 

Get SALT Encoding   

  12  0:00  SCV  
  13  0:12  SCV  
  14  0:17  Supply Depot  
  14  0:25  SCV  
  15  0:38  SCV  
  15  0:41  Barracks  
  16  0:45  Refinery  
  16  0:50  SCV  
  17  1:03  SCV  
  18  1:15  SCV  
  19  1:28  Orbital Command  
  19  1:29  Reaper  
  20  1:39  Command Center  
  20  1:50  Supply Depot  
  20  1:54  SCV  
  20  2:00  Marine  
  22  2:05  Factory  
  22  2:07  SCV  
  23  2:12  Refinery  
  23  2:19  SCV  
  23  2:22  Barracks Reactor  
  24  2:31  SCV  
  25  2:44  SCV  
  26  2:49  Starport  
  26  2:51  Orbital Command  
  26  2:56  SCV  
  27  3:03  Hellion x2  
  31  3:08  SCV, Barracks Tech Lab  
  31  3:11  Liberator  
  32  3:17  SCV  
  33  3:20  SCV  
  33  3:24  Hellion x2  
  38  3:29  SCV  
  38  3:32  SCV  
  43  3:36  Supply Depot  
  43  3:42  SCV  
  43  3:43  Supply Depot  
  43  3:44  SCV  
  45  3:54  SCV  
  46  3:57  SCV  
  46  3:58  Hellion x2  
  51  4:03  Stimpack  
  51  4:06  SCV  
  51  4:07  Supply Depot  
  51  4:09  SCV  
  53  4:13  Starport Reactor  
  53  4:18  Command Center, SCV  
  53  4:21  Marine  
  55  4:27  Factory Reactor  
  55  4:30  SCV  
  56  4:33  SCV  
  57  4:39  Barracks x2, Marine  
  58  4:46  SCV x2  
  58  4:47  Supply Depot  
  60  4:56  Marine  
  60  4:58  SCV x2  
  63  5:03  Engineering Bay  
  63  5:04  Engineering Bay  
  63  5:06  Refinery  
  60  5:08  Refinery  
  60  5:10  SCV x2, Supply Depot  
  62  5:14  Factory Tech Lab, Marine  
  63  5:22  SCV x2, Supply Depot  
  65  5:30  Marine x2  
  65  5:31  Orbital Command  
  65  5:32  Marine  
  65  5:33  Terran Infantry Armor Level 1, Terran Infantry Weapons Level 1  
  65  5:35  Marine x2  
  68  5:40  Medivac, Armory  
  68  5:41  Medivac  
  74  5:47  Siege Tank  
  74  5:48  Marine  
  74  5:49  Marine  
  79  5:51  SCV x2  
  79  5:52  Marine  
  82  5:57  Orbital Command  
  82  5:59  Marine  
  82  6:00  Marine  
  84  6:05  Barracks  
  84  6:06  Marine  
  84  6:07  SCV, Barracks  
  84  6:10  SCV  
  84  6:11  Marine x2  
  89  6:15  Supply Depot  
  89  6:16  Supply Depot  
  89  6:17  Marine  
  90  6:19  SCV  
  90  6:20  Marine  
  90  6:23  SCV  
  90  6:24  Marine  
  94  6:28  Marine  
  94  6:29  Marine  
  96  6:35  Marine  
  96  6:38  Marine, Supply Depot x2  
  96  6:39  SCV  
  99  6:40  Supply Depot  
  99  6:42  Marine  
  99  6:43  SCV  
  99  6:46  Marine x2  
  101  6:47  SCV  
  102  6:55  Marine  
  102  6:57  Barracks Reactor x2, Siege Tank  
  101  7:01  Supply Depot  
  101  7:02  Medivac  
  101  7:03  SCV  
  101  7:04  SCV  
  99  7:11  Marine x4  
  99  7:12  Marine  
  99  7:13  Medivac  
  93  7:16  SCV x2  
  93  7:20  SCV  
  96  7:28  SCV x2, Terran Infantry Weapons Level 2  
  96  7:29  Siege Tank, Marine x3  
  104  7:30  Marine, Terran Infantry Armor Level 2  
  104  7:32  Medivac  
  104  7:33  SCV  
  104  7:34  Combat Shields  
  104  7:35  Marauder  
  104  7:36  Marine  
  111  7:43  Medivac  
  113  7:46  SCV x2, Marine x2  
  113  7:47  Marine  
  113  7:48  SCV  
  119  7:57  Barracks  
  119  7:58  SCV, Barracks x2, Marine x4  
  123  7:59  Refinery  
  123  8:02  Marine  
  123  8:03  Marauder  
  127  8:09  Siege Tank  
  127  8:10  Marine x3  
  133  8:15  Terran Vehicle Weapons Level 1, Marine  
  133  8:16  Marine x2, Supply Depot  
  128  8:20  Marine  
  128  8:21  Marine  
  128  8:24  Marauder  
  128  8:26  Supply Depot  
  132  8:27  Marine  
  132  8:28  Marine x2  
  132  8:33  Marine  
  136  8:35  Marine  
  136  8:39  Medivac  
  139  8:42  Marine x3, Siege Tank  
  139  8:46  Marauder  
  144  8:49  Barracks Reactor x2, Barracks Tech Lab  
  144  8:51  Marine  
  142  8:56  Marine x3  
  142  8:57  Command Center  
  142  8:59  Marine  
  144  9:05  Marine x2  
  144  9:07  Marauder, Sensor Tower  
  148  9:10  Refinery  
  148  9:12  SCV x3  
  148  9:15  Marauder, Marine  
  154  9:17  Marine x4  
  154  9:19  Marine  
  154  9:23  Marine  
  160  9:26  Siege Tank  
  160  9:28  Marauder  
  160  9:29  Marine x5  
  169  9:32  Marine  
  169  9:35  Marine x3  
  169  9:37  Supply Depot  
  173  9:41  Supply Depot  
  173  9:43  Marine x2  
  173  9:44  Marine  
  169  9:50  Marauder  
  154  9:53  Marine x2  
  154  9:54  Marine x2  
Show
View Real Time Build Order
Export as new Build Order

Silky Zerg 

Build Orders: Pool First 

Get SALT Encoding   

  12  0:00  Drone  
  13  0:12  Overlord  
  13  0:23  Drone  
  14  0:31  Drone x2  
  14  0:35  Drone  
  17  0:44  Extractor  
  17  0:45  Drone  
  17  0:50  Spawning Pool  
  17  0:55  Drone  
  17  1:06  Drone  
  18  1:18  Hatchery  
  17  1:21  Drone  
  18  1:36  Queen  
  18  1:37  Zergling x2  
  21  1:44  Metabolic Boost  
  21  1:49  Overlord  
  21  1:54  Drone  
  22  2:08  Drone  
  23  2:12  Queen  
  23  2:13  Drone  
  26  2:21  Drone  
  27  2:29  Queen  
  27  2:30  Drone  
  27  2:33  Drone  
  31  2:40  Drone  
  32  2:48  Hatchery  
  32  2:50  Drone  
  32  2:55  Drone x2  
  34  2:58  Drone  
  35  3:06  Drone  
  35  3:08  Overlord  
  35  3:14  Overlord  
  35  3:22  Extractor  
  35  3:23  Extractor x2, Queen  
  35  3:24  Drone  
  35  3:26  Drone x2  
  37  3:32  Zergling x6  
  43  3:35  Lair  
  43  3:42  Zergling x4  
  43  3:45  Drone x3  
  48  3:52  Drone x3  
  51  3:55  Drone  
  51  3:58  Overlord  
  51  4:00  Queen  
  54  4:03  Baneling Nest  
  53  4:12  Zergling x8  
  53  4:15  Drone  
  53  4:17  Drone  
  59  4:25  Spore Crawler  
  58  4:34  Zergling x6  
  58  4:35  Zergling x2  
  58  4:37  Drone x5  
  66  4:44  Overlord  
  66  4:51  Overlord  
  66  4:58  Overlord  
  64  5:00  Drone, Overlord  
  64  5:02  Queen x2  
  64  5:03  Drone x4  
  72  5:07  Drone  
  72  5:09  Overlord  
  72  5:13  Extractor, Drone x2  
  72  5:14  Extractor, Drone x5  
  78  5:18  Drone  
  78  5:21  Drone  
  80  5:32  Centrifical Hooks  
  80  5:36  Extractor  
  80  5:38  Extractor, Drone x4  
  80  5:39  Evolution Chamber x2  
  80  5:42  Drone x4  
  83  5:50  Zergling x8  
  83  5:51  Zergling x8  
  83  5:55  Drone  
  92  6:01  Drone x2  
  94  6:06  Hatchery  
  94  6:08  Zerg Ground Armor Level 1  
  94  6:09  Zerg Melee Weapons Level 1  
  94  6:10  Drone  
  94  6:11  Drone x2  
  96  6:14  Drone x4  
  100  6:19  Zergling x8  
  100  6:24  Overlord  
  104  6:28  Overlord  
  104  6:31  Baneling x9  
  104  6:35  Overlord  
  102  6:45  Zergling x2  
  102  6:46  Zergling x6  
  101  6:48  Zergling x2  
  101  6:52  Baneling  
  101  6:53  Baneling x6  
  102  6:56  Zergling x4  
  89  7:12  Drone x3  
  89  7:13  Zergling x2  
  89  7:14  Zergling x8  
  95  7:17  Zergling x6  
  95  7:18  Zergling x2  
  95  7:20  Zergling x2  
  98  7:24  Hydralisk Den  
  98  7:25  Zergling x4  
  98  7:27  Zergling x2, Hatchery  
  98  7:29  Zergling x2  
  100  7:32  Zergling x6  
  100  7:36  Drone  
  100  7:37  Drone  
  105  7:40  Drone x2  
  107  7:44  Drone x3  
  107  7:48  Drone  
  110  7:51  Drone x2  
  110  7:52  Drone  
  110  7:54  Drone  
  110  7:55  Muscular Augments  
  114  8:01  Hydralisk x3  
  114  8:03  Overlord x4  
  120  8:08  Spore Crawler  
  120  8:09  Drone, Spine Crawler  
  120  8:10  Drone  
  120  8:12  Overlord  
  120  8:16  Queen  
  120  8:18  Queen  
  115  8:23  Hydralisk x3  
  115  8:24  Zergling x4  
  120  8:27  Overlord  
  120  8:31  Drone x2  
  120  8:32  Drone  
  121  8:38  Hatchery  
  121  8:39  Zergling x12  
  121  8:40  Zergling x8  
  121  8:43  Zergling x10  
  121  8:48  Zergling x2  
  123  8:52  Zergling x8  
  123  8:55  Zergling x6  
  121  8:57  Hydralisk x3  
  121  9:00  Queen  
  125  9:05  Zergling x8  
  125  9:07  Baneling x11  
  125  9:08  Baneling  
  125  9:09  Zergling x2  
  130  9:10  Zergling x2  
  130  9:13  Zergling x6  
  130  9:14  Zergling x2  
  130  9:16  Zergling x4  
  137  9:19  Overseer  
  137  9:21  Hydralisk  
  137  9:24  Baneling x6  
  139  9:26  Hydralisk  
  139  9:27  Hydralisk  
  139  9:30  Zergling x2  
  139  9:31  Zergling x2  
  145  9:34  Baneling x4  
  145  9:35  Baneling x2  
  145  9:36  Baneling x3  
  145  9:37  Baneling x2  
  145  9:38  Baneling  
  145  9:39  Baneling  
  132  9:47  Zergling x2  
  132  9:48  Zergling x22  
  124  9:56  Zergling x6  
Tags
 
Add a new tag
Caveats
  • Supply blocks, unpowered buildings, or Contaminate may cause inaccurate times.
  • Supply counts are checked every 10 seconds.